[Event "GMT Blitz"]
[Site "Biel, Switzerland"]
[Date "2022.07.17"]
[Round "1.1"]
[White "Le, Quang Liem"]
[Black "Naiditsch, Arkadij"]
[Result "1-0"]
[TimeControl "3 minutes + 2 seconds increment per move"]
[WhiteElo "2657"]
[BlackElo "2577"]

1. c4 Nf6 2. Nc3 g6 3. e4 
 d6 4. d4 Bg7 5. Nf3 
 O-O 6. h3 Na6 7. Be3 
 c6 8. Rc1 Nc7 9. Be2 
 b5 10. cxb5 Nxb5 11. Nd2
 Nxc3 12.
bxc3 Rb8 13. O-O Qa5 
 14. Qc2 Ba6 15. c4 Nd7
 16. Rb1 
c5 17. d5 Rxb1 18. Rxb1 
 Rb8 19. Rxb8+ Nxb8 20. Nb3
 Qc3 21.
Qb1 Nd7 
22. Bd2 Qb2 23. Qxb2
 Bxb2 24.
Na5 Nb6 
25. Kf1 Kf8 26. Ke1 h5 
 27. Kd1 Bc8 28. Nc6 a6
 29. Kc2 
Bf6 30. f4 h4 31. e5 
 Bf5+ 32. Bd3 Bg7 33. Bxf5
 gxf5 34.
Kb3 Bh6 
35. Ba5 Nc8 36. exd6 exd6 
 37. Bd8 Bxf4 38. Ka4 Bd2
 39. Bxh4 Nb6+ 40. Kb3 
Ke8 41. Bf6 Be1 42. h4 
 Nd7 43. Be7 Bg3 44. h5
 f6 45. h6 Kf7 46. Bd8 
 Bf4 47. Ka4 Bxh6 48. Ka5
 Ne5 49.
Nxe5+ fxe5 50. Kxa6 Bd2 
51. Bc7 Ke7 52. Kb6 e4 
 53. Kc6 Bf4 54. Ba5 Bg3 
 55. Bd2 f4 56. a4 e3 57. Bc3 e2 58. a5 1-0¨

[ePGN "0.1;DGT LiveChess/2.2.5"]

[Event "GMT Blitz"]
[Site "Biel, Switzerland"]
[Date "2022.07.17"]
[Round "1.2"]
[White "Salem, A.R. Saleh"]
[Black "Kamsky, Gata"]
[Result "1-0"]
[TimeControl "3 minutes + 2 seconds increment per move"]
[WhiteElo "2679"]
[BlackElo "2645"]

1. d4 d5 2. c4 c6 3.
Nf3 Nf6 
4. Nc3 a6 5. g3 g6 6.
Bg2 Bg7 
7. O-O O-O 8. cxd5 cxd5 
 9. Ne5 e6 10. Bf4 Nfd7
 11. Nf3 Nf6 12. Rc1 Nc6
 13. Ne5 
Bd7 14. e3 Rc8 15. h4 
 h6 16. Nd3 b6 17. Qe2
 Qe7 18.
Ne5 b5 
19. Nd3 Nh5 20. Be5 f6 
 21. Bf4 Nxf4 22. Nxf4 Be8
 23. Nxe6 b4 24. Nxf8 
 bxc3 25. Nxg6 Bxg6 26. Bxd5+
 Kh7 27.
bxc3 a5 
28. h5 Bf5 29. Qf3 Qd7 
 30. Be4 Bxe4 31. Qxe4+ f5
 32. Qf3 
a4 33. c4 Qf7 34. a3 
 Na5 35. c5 Nb3 36. Rc2
 Bxd4 37.
exd4 Nxd4 38. Qd3 Nxc2 
 39. Qxc2 Qxh5 40. c6 Qf3
 41. c7 
h5 42. Re1 h4 43. Re7+ 
 Kg6 44. Qc4 1-0

[ePGN "0.1;DGT LiveChess/2.2.5"]

[Event "GMT Blitz"]
[Site "Biel, Switzerland"]
[Date "2022.07.17"]
[Round "1.3"]
[White "Keymer, Vincent"]
[Black "Gukesh, D"]
[Result "0-1"]
[TimeControl "3 minutes + 2 seconds increment per move"]
[WhiteElo "2548"]
[BlackElo "2598"]

1. Nf3 d5 2. e3 Nf6 3. c4 e6
 4. Nc3 dxc4 5. Bxc4 a6
 6. O-O 
b5 7. Be2 Bb7 8. a4 b4
 9. Nb1 c5 10. d3 Nbd7
 11. Nbd2 Be7 12. Nb3 
 O-O 13. Nfd2 a5 14. Nc4
 Qc7 15.
e4 Rfd8 
16. Qc2 Ne5 17. Nxe5 Qxe5 
 18. Be3 c4 19. dxc4 Bxe4
 20. Qc1 
Bd3 21. Bf3 Bxf1 22. Bxa8 
 Be2 23. Bf4 Qf5 24. Qe3 
 Bxc4 25. Nd4 Qc5 26. Qf3 
 Qxd4 27. h3 Qxb2 28. Re1
 Qc3 29. Re3 Qa1+ 30. Kh2 
Bd5 31. Bxd5 Nxd5 32. Be5 
Qxa4 33. Rd3 Qb5 34. Qg3 
 Bf8 35. h4 a4 36. h5
 h6 37. Rd4 b3 38. Bxg7
 Bxg7 39.
Rg4 Nf6 40. Rxg7+ Kf8 41. Rxf7+ 
 Kxf7 42. Qg6+ Ke7 43. Qg7+ Kd6 44. Qxf6 Qe5+ 0-1

[ePGN "0.1;DGT LiveChess/2.2.5"]

[Event "GMT Blitz"]
[Site "Biel, Switzerland"]
[Date "2022.07.17"]
[Round "1.4"]
[White "Abdusattorov, Nodirbek"]
[Black "Esipenko, Andrey"]
[Result "1-0"]
[TimeControl "3 minutes + 2 seconds increment per move"]
[WhiteElo "2663"]
[BlackElo "2617"]

1. c4 e5 2. Nc3 Nf6 3. Nf3 Nc6 4. e4 Bb4
 5. d3 
d6 6. a3 Bc5 7. b4 Bb6
 8. Be3 O-O 9. Be2 Nd4 10.
Bxd4 exd4 11. Na4 c5 
 12. O-O Re8 13. Nxb6 axb6
 14. a4 
Bd7 15. Qb3 Qc7 16. Nd2 
 Ra7 17. h3 Rea8 18. b5
 Re8 19. f4 Raa8 20. Qd1
 Qd8 21.
Qe1 h6 
22. Qf2 Nh7 23. Bd1 f5 24.
Bh5 Re7 
25. Bg6 Qf8 26. exf5
 Bxf5 27. Bxf5 Qxf5 28. Qf3
 Rae8 29.
Ne4 Re6 
30. Rae1 Qf8 31. Re2 Nf6 
 32. Rfe1 Nxe4 33. Rxe4 Rxe4 
 34. Rxe4 Kh8 35. Qe2 Rxe4 
 36. Qxe4 Qa8 37. Kh2 Qf8 
 38. h4 Qf6 39. g3 Qf7
 40. Kh3 
Qh5 41. g4 Qf7 42. f5 
 Qf8 43. g5 hxg5 44. hxg5
 d5 45. cxd5 c4 46. dxc4
 Qc8 47.
Kg4 Qf8 
48. g6 Qd8 49. Qh1+ 1-0

[ePGN "0.1;DGT LiveChess/2.2.5"]

[Event "GMT Blitz"]
[Site "Biel, Switzerland"]
[Date "2022.07.17"]
[Round "2.1"]
[White "Naiditsch, Arkadij"]
[Black "Esipenko, Andrey"]
[Result "0-1"]
[TimeControl "3 minutes + 2 seconds increment per move"]
[WhiteElo "2577"]
[BlackElo "2617"]

1. e4 e5 2. Nf3 Nc6 3. Nc3 Nf6
 4. Bb5 
Bd6 5. d3 a6 6. Ba4 
 h6 7. Bb3 Bb4 8. O-O
 d6 9.
Nd5 Bc5 
10. Be3 O-O 11. h3 Be6 
 12. c3 Bxe3 13. fxe3 Bxd5
 14. exd5 Ne7 15. e4 
 Ng6 16. Rf2 c6 17. dxc6
 bxc6 18. Qc2 d5 19. Raf1
 Qd6 20.
g3 Rad8 
21. Kg2 Kh8 22. Nh2 Nh7 
 23. h4 f6 24. d4 Ne7
 25. dxe5 fxe5 26. Ng4 
 Rxf2+ 27. Rxf2 h5 28. Ne3
 Nf6 29.
Qe2 Neg8 30. Nf5 Qc7 31.
Bc2 Ng4 
32. Rf3 N8f6 33. exd5 cxd5 
 34. Ne3 e4 35. Rf5 Qd7
 36. Rg5 
Qe6 37. Bb3 Rd6 38. Nxg4 
 hxg4 39. Qe3 Kg8 40. Qd4
 Kh7 41.
Re5 Qf7 
42. Bd1 Rd7 43. Rg5 Qe6 44.
Be2 Rb7 
45. b4 Rc7 46. a4 Qc6 47. c4 
 dxc4 48. b5 axb5 49. axb5 
Qb7 50. Bxg4 e3+ 51. Bf3 e2
 52. Re5 
Qxb5 53. Rxe2 c3 54. Rc2 
 Qb3 55. Qd3+ Kh8 56. h5 
 Qb4 57. h6 Qe7 58. Re2
 Qf8 59.
hxg7+ Kxg7 60. Rc2 Qc5 61. Qd8
 Qe5 62.
Qd3 Rc5 
63. Re2 Qc7 64. Qc2 
 Rg5 65. g4 Nxg4 66. Kf1 
 0-1

[ePGN "0.1;DGT LiveChess/2.2.5"]

[Event "GMT Blitz"]
[Site "Biel, Switzerland"]
[Date "2022.07.17"]
[Round "2.2"]
[White "Gukesh, D"]
[Black "Abdusattorov, Nodirbek"]
[Result "0-1"]
[TimeControl "3 minutes + 2 seconds increment per move"]
[WhiteElo "2598"]
[BlackElo "2663"]

1. d4 Nf6 2. c4 e6 3. Nf3 d5
 4. Nc3 
Bb4 5. e3 c5 6. a3 
 Bxc3+ 7. bxc3 O-O 8. cxd5
 exd5 9.
Bd3 b6 
10. O-O Ba6 11. Bxa6
 Nxa6 12.
a4 Ne4 
13. Qc2 Rc8 14. Qd3 Nc7 
 15. a5 c4 16. Qc2 b5
 17. Nd2 Nxd2 18. Bxd2 f5
 19. f3 
Qd7 20. Be1 Rfe8 21. Bf2 
b4 22. cxb4 Nb5 23. Rfe1 c3 24. Bg3 Rc4 25. Be5 
 a6 26. Qf2 Rxb4 27. Rac1 
 Rb2 28. Rc2 Rxc2 29. Qxc2
 Rc8 30. e4 fxe4 31. fxe4 
 Qc6 32. Rf1 Qg6 33. Rf5
 Qg4 34.
Rf4 Qg6 
35. h3 h5 36. Kh2 Rf8 37. Rf5
 Rxf5 38.
exf5 Qg5 39. Qb3 Kh7 40. Qc2
 Nxd4 41.
Qxc3 Nxf5 42. Qd3 Qg6 43. Qxd5
 Ne3 44.
Qf3 Nc4 
45. Bc7 Nd2 46. Qf4 Qd3 
 47. Qg5 Qe2 48. Kg1 Qe1+
 49. Kh2 Nf1+ 50. Kg1 Nd2+ 
 51. Kh2 Qe2 52. Qf4 Kg8 
 53. Bb6 Nf1+ 54. Kg1 Nd2 
 55. Qb8+ Kh7 56. Qf4 Qe1+ 
 57. Kh2 h4 58. Qf5+ Kg8
 59. Bf2 
Qd1 60. Qd5+ Kh7 61. Qf5+ 
 Kh8 62. Qc8+ Kh7 63. Bxh4 
Nf1+ 64. Kg1 Ne3+ 65. Kf2 Qd2+ 
 66. Kf3 Qd3 67. Kf2 Nf5
 68. Bd8 
Qe3+ 0-1

[ePGN "0.1;DGT LiveChess/2.2.5"]

[Event "GMT Blitz"]
[Site "Biel, Switzerland"]
[Date "2022.07.17"]
[Round "2.3"]
[White "Kamsky, Gata"]
[Black "Keymer, Vincent"]
[Result "1/2-1/2"]
[TimeControl "3 minutes + 2 seconds increment per move"]
[WhiteElo "2645"]
[BlackElo "2548"]

1. d4 Nf6 2. Nf3 d5 3.
Bf4 e6 4. e3 Bd6 5. Bxd6 
 Qxd6 6. c4 O-O 7. Nc3
 dxc4 8.
Bxc4 c5 
9. O-O cxd4 10. Qxd4 Qxd4 
 11. Nxd4 Bd7 12. Rfd1 Nc6
 13. Be2 
Nxd4 14. Rxd4 Bc6 15. Rad1 
 Rfc8 16. a3 Kf8 17. f3
 Ke7 18.
Kf2 Rd8 
19. Rxd8 Rxd8 20. Rxd8 Kxd8 
 21. e4 Nd7 22. Ke3 Ke7
 23. b4 
b6 24. f4 f6 25. g3 
 a5 26. Bb5 axb4 27. axb4
 Nb8 28.
Kd3 Bxb5+ 29. Nxb5 Kd7 
 30. Kc4 Nc6 31. Nc3 Kc7
 32. h4 
Nd8 33. Nb5+ Kd7 34. h5 
 Nf7 35. Kd3 Kc6 36. Nd4+
 Kd7 37.
Nb5 Kc6 
38. Nd4+ Kd7 1/2-1/2

[ePGN "0.1;DGT LiveChess/2.2.5"]

[Event "GMT Blitz"]
[Site "Biel, Switzerland"]
[Date "2022.07.17"]
[Round "2.4"]
[White "Le, Quang Liem"]
[Black "Salem, A.R. Saleh"]
[Result "1-0"]
[TimeControl "3 minutes + 2 seconds increment per move"]
[WhiteElo "2657"]
[BlackElo "2679"]

1. d4 d5 2. c4 e6 3. Nc3 
 Nf6 4. cxd5 exd5 5. Bg5 c6
 6. e3 h6 7. Bh4 Be7 8. Bd3 O-O 9. Nge2
 Nbd7 10.
Qc2 Re8 11. O-O Nf8 12. f3
 b5 13. Bf2 a5 14. Kh1
 a4 15.
a3 Ba6 
16. e4 dxe4 17. fxe4 Ne6 
18. e5 Nd5 19. Nxd5 cxd5 
 20. Bg1 Rf8 21. Nc3 Qd7
 22. Qe2 
Nc7 23. Na2 b4 24. axb4 
 Bxd3 25. Qxd3 Rfb8 26. Qd2 
 Ra6 27. h3 Rab6 28. Qc2
 Bxb4 29.
Nc3 Bxc3 30. bxc3 Rb3 
 31. c4 Ne6 32. c5 R8b4
 33. c6 
Qa7 34. Rfc1 Nc7 35. Qf5 
 Rb2 36. Qd7 Qb8 37. Rf1
 Rc2 38. Rxf7 Ne8 39. Raf1
 Rbb2 40.
Rf8+ 1-0

[ePGN "0.1;DGT LiveChess/2.2.5"]

[Event "GMT Blitz"]
[Site "Biel, Switzerland"]
[Date "2022.07.17"]
[Round "4.1"]
[White "Naiditsch, Arkadij"]
[Black "Gukesh, D"]
[Result "0-1"]
[TimeControl "3min + 2 s per move"]
[WhiteElo "2577"]
[BlackElo "2598"]

1. e4 c5 2. Nf3 Nc6 3. Bb5 g6
 4. O-O Bg7 5. c3 Nf6
 6. e5 
Nd5 7. d4 cxd4 8. cxd4 O-O
 9. Nc3 
Nxc3 10. bxc3 d6 11. Re1 dxe5
 12. Bxc6 bxc6 13. Nxe5 
 Bb7 14. Rb1 Qc8 15. Ba3
 Qc7 16.
Bxe7 Qxe7 17. Nxg6 Qd7 
 18. Nxf8 Rxf8 19. Qa4 Ba8
 20. Re3 
Kh8 21. Rbe1 Bf6 22. Qa5 
 Rg8 23. Rg3 Rxg3 24. hxg3
 Kg7 25.
Qc5 Qd5 
26. Qxd5 cxd5 27. Re8 Bc6 
 28. Rc8 Bb5 29. a4 Bc4 
 30. f4 a6 31. Kf2 h5
 32. Kf3 Be7 33. g4 hxg4+ 
 34. Kxg4 Ba3 35. Kf5 Bb2 
 36. g4 Bxc3 37. Ke5 f6+
 38. Ke6 Bxd4 39. Rc7+ Kg6
 40. g5 f5 41. Rc6 Bb2 
 42. Rc8 a5 43. Rg8 Bg7
 44. Rc8 
Bb3 45. Rb8 Ba2 46. Rb6 
 d4+ 47. Ke7+ Kh5 48. Rb2
 Bc4 49.
Rc2 d3 
50. Rh2+ Kg4 51. g6 Kxf4 52.
Rh4+ Ke3 53. Rh3+ Kf2 
 54. Rh2+ Kg3 55. Rd2 f4
 0-1

[Event "GMT Blitz"]
[Site "Biel, Switzerland"]
[Date "2022.07.17"]
[Round "4.2"]
[White "Kamsky, Gata"]
[Black "Esipenko, Andrey"]
[Result "1/2-1/2"]
[TimeControl "3min + 2 s per move"]
[WhiteElo "2645"]
[BlackElo "2617"]

1. e4 e5 2. Nf3 Nc6 3. Bb5 a6
 4. Ba4 Nf6 5. O-O Be7 
 6. Re1 b5 7. Bb3 O-O 8. c3
 d6 9.
d4 Bg4 
10. d5 Na5 11. Bc2 c6 
 12. h3 Bd7 13. Nxe5 dxe5
 14. d6 Be6 15. dxe7 Qxe7
 16. Nd2 
c5 17. Nf1 h6 18. Qf3 
 Nc6 19. Be3 Rac8 20. Rec1
 Rfd8 21.
Ng3 Na5 
22. Re1 Nc4 23. Bc1 b4 
 24. Nf5 Bxf5 25. exf5 e4
 26. Qg3 
Kh7 27. Qh4 Nd6 28. Bg5 
 bxc3 29. bxc3 Qe5 30. Bxf6
 gxf6 31.
Re3 Re8 
32. Rae1 Qxf5 33. Bxe4 Nxe4 
 34. Rxe4 Rxe4 35. Qxe4 Qxe4 
 36. Rxe4 Rb8 37. Rc4 Rb2
 38. a4 
Ra2 39. g4 Kg6 40. Kg2 
Kg7 41. Kg3 Kf8 42. f3 
 Kg7 43. Kh4 Kg6 44. f4
 f5 45.
gxf5+ Kxf5 46. Rxc5+
 Kxf4 47.
Ra5 f5 
48. Rxa6 Ra3 49. Kh5
 Rxc3 50.
h4 Ra3 51. a5 Kg3 52. Rg6+
 Kh3 53.
a6 f4 54. Rf6 Kg3 55. Kxh6
 f3 56. h5 f2 57. Kg7 
Rxa6 58. Rxf2 Kxf2 59. h6 
Rxh6 1/2-1/2

[Event "GMT Blitz"]
[Site "Biel, Switzerland"]
[Date "2022.07.17"]
[Round "4.3"]
[White "Le, Quang Liem"]
[Black "Abdusattorov, Nodirbek"]
[Result "0-1"]
[TimeControl "3min + 2 s per move"]
[WhiteElo "2657"]
[BlackElo "2663"]

1. d4 Nf6 2. c4 e6 3. Nc3 d5
 4. cxd5 Nxd5 5. e4 Nxc3 6. bxc3
 c5 7. a3 cxd4 8. cxd4 
e5 9. d5 Bd6 10. Bd3 O-O 
 11. Ne2 Nd7 12. O-O Nc5 
 13. Ng3 Bd7 14. Be3 Rc8
 15. a4 
b6 16. Bb5 g6 17. Qe2 
 Rc7 18. Rfb1 Qh4 19. Bxd7
 Rxd7 20.
a5 Rb8 
21. axb6 axb6 22. h3 Rc7 
 23. Qb5 h5 24. Rb4 Qe7
 25. Rab1 Nd7 26. Rc4 
 Rxc4 27. Qxc4 Nc5 28. Rb5 
 Qa7 29. Qc2 Rc8 30. Qb1
 Nd7 31.
Nf1 Qa4 
32. Nd2 Rc2 33. Rb2 Rxb2 34. Qxb2 b5 35. Qb3 Qa6
 36. Qc3 
b4 37. Qc4 Qb7 38. Nb3 Nf6
 39. f3 
Kg7 40. Qc6 Qb8 41. h4 
 Qd8 42. Bg5 Be7 43. Qb7
 Qd6 44.
Kh2 Ng8 45. Bxe7 Nxe7 46. g3
 Qf6 47. Kg2 g5 48. hxg5 
 Qxg5 49. d6 Ng6 50. Kh3 h4
 51. g4 
Qe3 0-1

[Event "GMT Blitz"]
[Site "Biel, Switzerland"]
[Date "2022.07.17"]
[Round "4.4"]
[White "Salem, A.R. Saleh"]
[Black "Keymer, Vincent"]
[Result "0-1"]
[TimeControl "3min + 2 s per move"]
[WhiteElo "2679"]
[BlackElo "2548"]

1. d4 Nf6 2. c4 e6 
 3. Nc3 Bb4 4. a3 Bxc3+
 5. bxc3 c5 6. f3 Nc6 7. e4
 d6 8. Be3 b6 9. Bd3 
 Na5 10. Ne2 Ba6 11. O-O
 Rc8 12.
d5 O-O 
13. Bg5 h6 14. Bh4 g5 
 15. Bxg5 hxg5 16. f4 Nh7 17. Ng3 Bxc4 18. Nh5
 Kh8 19.
Bxc4 Nxc4 20. Qd3 gxf4 
21. Qxc4 e5 22. Qe2
 Qh4 23.
g3 Rg8 24. Kh1 fxg3 25. Rxf7 
g2+ 26. Kg1 Ng5 0-1

[ePGN "0.1;DGT LiveChess/2.2.5"]

[Event "GMT Blitz"]
[Site "Biel, Switzerland"]
[Date "2022.07.17"]
[Round "5.1"]
[White "Keymer, Vincent"]
[Black "Naiditsch, Arkadij"]
[Result "0-1"]
[TimeControl "3min + 2 s per move"]
[WhiteElo "2548"]
[BlackElo "2577"]

1. Nf3 Nf6 2. c4 g6 3. g3
 Bg7 4. Bg2 O-O 5. d4
 d6 6.
Nc3 Nbd7 7. O-O e5 
 8. e4 a6 9. h3 Rb8 
 10. Be3 b5 11. dxe5 dxe5
 12. cxb5 axb5 13. Qc2 
 Bb7 14. a3 Qe7 15. Rfd1
 c6 16.
a4 b4 
17. Nb1 b3 18. Qc4 c5 
 19. Nfd2 Rfc8 20. Nc3 Ne8
 21. Nxb3 Nd6 22. Qd3 
 Bf8 23. Na5 Ba8 24. Nd5
 Qe6 25.
b3 f5 
26. exf5 gxf5 27. Qc2 f4 
 28. gxf4 e4 29. Nc3 Nf6
 30. Qe2 Rc7 31. Kh2 Rg7
 32. Rg1 
Nf5 33. Bh1 Nh4 34. Rxg7+ 
 Bxg7 35. Rg1 Kh8 36. Nc4
 Rxb3 37.
Nb5 Nf3+ 38. Bxf3 exf3 39. Qd1
 Qxc4 40. Nc7 Rxe3 41. fxe3
 Qa2+ 42.
Kg3 Ne4+ 43. Kxf3 Nc3+ 
 44. Nxa8 Nxd1 45. Rxd1 h5 
 46. Nb6 Qe6 47. Nd5 Qxh3+
 48. Ke2 
Qg2+ 49. Ke1 h4 50. Ne7 
 h3 0-1

[Event "GMT Blitz"]
[Site "Biel, Switzerland"]
[Date "2022.07.17"]
[Round "5.2"]
[White "Abdusattorov, Nodirbek"]
[Black "Salem, A.R. Saleh"]
[Result "0-1"]
[TimeControl "3min + 2 s per move"]
[WhiteElo "2663"]
[BlackElo "2679"]

1. d4 d5 2. Nf3 e6 3. Bf4 c5
 4. e3 cxd4 5. exd4 Nc6
 6. c3 f6 7. Nbd2 g5
 8. Bg3 h5 9. h4 g4
 10. Ng1 
Nge7 11. Bd3 e5 12. Ne2 
 Bf5 13. Bxf5 Nxf5 14. Qb3
 Qd7 15.
dxe5 fxe5 16. O-O-O O-O-O 17. Kb1 Bc5
 18. Ne4 
Be7 19. c4 d4 20. N2c3 
 Nxg3 21. Nxg3 Na5 22. Qc2
 Kb8 23.
Nce4 Rc8 24. Nd2 Bb4 
 25. Nge4 Rh6 26. c5 Qd5
 27. a3 
Bxd2 28. Nxd2 Rxc5 29. Qe4 
 Nb3 30. Qxd5 Nxd2+ 31. Rxd2
 Rxd5 32. Rc1 Rc6 33. Rxc6 
 bxc6 34. Kc2 e4 35. Kb3 g3 
 36. Kc4 gxf2 37. Rxf2 d3
 0-1

[Event "GMT Blitz"]
[Site "Biel, Switzerland"]
[Date "2022.07.17"]
[Round "5.3"]
[White "Esipenko, Andrey"]
[Black "Le, Quang Liem"]
[Result "1-0"]
[TimeControl "3min + 2 s per move"]
[WhiteElo "2617"]
[BlackElo "2657"]

1. e4 e5 2. Nf3 Nc6 3. Bb5 a6
 4. Ba4 
Nf6 5. O-O b5 6. Bb3 Bc5
 7. c3 
d6 8. a4 Rb8 9. d4 Bb6 10.
a5 Ba7 11. Be3 Bg4 12. Nbd2
 O-O 13.
h3 Bh5 
14. dxe5 Bxe3 15. exf6 Bxd2 
 16. fxg7 Kxg7 17. Qxd2 Bxf3
 18. gxf3 Ne5 19. Qe3 
 Qh4 20. f4 Ng6 21. f5
 Nf4 22.
Kh2 Kh8 
23. Rg1 Nh5 24. Rg4
 Qf6 25. Rag1 Rbe8 26. Kh1
 Rg8 27.
Qd4 Rxg4 28. hxg4 c5 
 29. Qxf6+ Nxf6 30. f3 c4
 31. Bc2 d5 32. g5 Nh5
 33. Kh2 
dxe4 34. fxe4 Nf4 35. Rd1 
Nd3 36. Bxd3 cxd3 37. Rxd3 
 Rxe4 38. Kg3 Kg7 39. Rd6 
 Re2 40. Rxa6 Rxb2 41. Rc6
 b4 42.
Kh4 Rc2 
43. Kh5 Rh2+ 44. Kg4
 Rc2 45. a6 bxc3 46. Rc8
 h6 47.
gxh6+ Kxh6 48. a7 Ra2 49. a8=Q 
 1-0

[Event "GMT Blitz"]
[Site "Biel, Switzerland"]
[Date "2022.07.17"]
[Round "5.4"]
[White "Gukesh, D"]
[Black "Kamsky, Gata"]
[Result "1/2-1/2"]
[TimeControl "3min + 2 s per move"]
[WhiteElo "2598"]
[BlackElo "2645"]

1. d4 d5 2. Nf3 Nf6 
 3. e3 c6 4. c4 g6
 5. Nc3 
Bg7 6. Be2 O-O 7. O-O 
 a6 8. a4 a5 9. b3
 Bg4 10.
Ba3 Bxf3 11. Bxf3 Re8 
 12. cxd5 cxd5 13. Rc1 Nc6
 14. Be2 
e6 15. Bb5 Bf8 16. Bxc6 
 bxc6 17. Bxf8 Rxf8 18. Ne2
 Qb6 19.
f3 Rfc8 
20. Nf4 c5 21. dxc5 Rxc5 
 22. Qd4 Nd7 23. Nd3 Rxc1
 24. Rxc1 Qxb3 25. h4 
 Qb6 26. Qf4 h5 27. g4
 hxg4 28.
h5 e5 29. Nxe5 Nxe5 30. Qxe5
 gxh5 31.
Kf2 Qg6 
32. fxg4 hxg4 33. Rh1 Qg7 
 34. Qf5 Re8 35. Rh5 Qb2+
 36. Kf1 
Qc1+ 37. Kg2 Qd2+ 38. Kf1 Qc1+
 39. Kg2 
Qd2+ 40. Kf1 Qd1+ 41. Kf2 g3+ 
 42. Kg2 Qe2+ 43. Kh3 Qh2+ 
 44. Kg4 Qe2+ 45. Kh3 Qh2+
 46. Kg4 Qe2+ 47. Kh3 Qh2+
 48. Kg4 
1/2-1/2

[ePGN "0.1;DGT LiveChess/2.2.5"]

[Event "GMT Blitz"]
[Site "Biel, Switzerland"]
[Date "2022.07.17"]
[Round "6.1"]
[White "Naiditsch, Arkadij"]
[Black "Kamsky, Gata"]
[Result "0-1"]
[TimeControl "3min + 2 s per move"]
[WhiteElo "2577"]
[BlackElo "2645"]

1. e4 c5 2. Nf3 e6 3. c4 
 a6 4. Nc3 Qc7 5. d4
 cxd4 6.
Nxd4 Nf6 7. Be3 b6 
 8. Bd3 Bb7 9. O-O d6
 10. Rc1 
Nbd7 11. b4 Be7 12. f4 
 Rc8 13. f5 e5 14. Nb3
 Qb8 15.
a4 O-O 
16. Qe2 d5 17. Nxd5 Bxd5 
 18. cxd5 Bxb4 19. Bxa6 Rxc1
 20. Rxc1 Nxe4 21. Rc4 
 Nc3 22. Qg4 Nf6 23. Qh4
 Ncxd5 
24. Bg5 Be7 25. Nd2 Rd8 
 26. Ne4 Nxe4 27. Rxe4 Bxg5
 28. Qxg5 Nf6 29. Re1 
 Qc7 30. h3 h6 31. Qe3
 e4 32.
Rb1 Nd5 
33. Qe1 e3 34. Rc1 Qe5 35.
Bc4 Nf4 
36. Rc3 e2 37. Rc1 Qe4 
 0-1

[Event "GMT Blitz"]
[Site "Biel, Switzerland"]
[Date "2022.07.17"]
[Round "6.2"]
[White "Le, Quang Liem"]
[Black "Gukesh, D"]
[Result "1-0"]
[TimeControl "3min + 2 s per move"]
[WhiteElo "2657"]
[BlackElo "2598"]

1. d4 Nf6 2. c4 e6 3. Nf3
 d5 4. Nc3 Bb4 5. cxd5 exd5
 6. Bg5 h6 7. Bh4 Bf5 
 8. e3 Nbd7 9. Qb3 Ba5
 10. Be2 
c6 11. O-O Qb6 12. Rfc1 
 O-O 13. h3 Rfe8 14. Nd2
 Qxb3 15.
Nxb3 Bb4 16. Bg3 a5 
 17. a3 Bf8 18. a4 Bb4
 19. Na2 
Bf8 20. Bc7 Rec8 21. Bxa5 
 b6 22. Be1 c5 23. Bb5
 Ne4 24.
dxc5 bxc5 25. Nc3 Ne5 
 26. Nxe4 dxe4 27. Bc3 Nd3
 28. Bxd3 exd3 29. a5 
Be6 30. Nd2 c4 31. f3 
 f5 32. Kf2 Ra6 33. Ra4
 Bc5 34.
Bd4 Bxd4 35. exd4 f4 36.
Ne4 Rb8 
37. Rb1 Bd5 38. Nc3
 Bf7 39. d5 Rc8 40. Re1 
 Kf8 41. Re4 Rb8 42. Rxf4
 Rxb2+ 43. Ke3 g5 44. Rfxc4
 d2 45.
Rd4 Rc2 
46. Ne4 Rc8 47. Rxd2 Rd8 
 48. d6 Be8 49. Ra3 Bc6 
 50. Nc5 Re8+ 51. Kf2 Ra7 
 52. d7 1-0

[Event "GMT Blitz"]
[Site "Biel, Switzerland"]
[Date "2022.07.17"]
[Round "6.3"]
[White "Salem, A.R. Saleh"]
[Black "Esipenko, Andrey"]
[Result "1-0"]
[TimeControl "3min + 2 s per move"]
[WhiteElo "2679"]
[BlackElo "2617"]

1. d4 Nf6 2. c4 e6 3. Nc3 d5 
 4. cxd5 Nxd5 5. e3 c5 
 6. Bd3 cxd4 7. exd4 Bd6
 8. Nf3 
Nxc3 9. bxc3 Qc7 10. c4 
 b6 11. O-O Nd7 12. Re1
 O-O 13.
Rb1 Bb7 
14. Rb5 Bf4 15. Ba3 Rfe8 
 16. Rh5 Nf6 17. Rh4 Rad8
 18. Bb2 
h6 19. Ne5 Bg5 20. Rh3 
Nd7 21. Nf3 Bf6 22. Rg3 
Nc5 23. Bb1 Bxf3 24. Rxf3 
 Bxd4 25. Bxd4 Qd6 26. Qc2
 Qxd4 27.
Qh7+ Kf8 28. Bg6 Ke7 
 29. Rxf7+ Kd6 30. Bh5 Nd3 
 31. Rd1 Kc5 32. Be2 Rf8
 33. Rxf8 Rxf8 34. Qxd3 
1-0

[Event "GMT Blitz"]
[Site "Biel, Switzerland"]
[Date "2022.07.17"]
[Round "6.4"]
[White "Keymer, Vincent"]
[Black "Abdusattorov, Nodirbek"]
[Result "1-0"]
[TimeControl "3min + 2 s per move"]
[WhiteElo "2548"]
[BlackElo "2663"]

1. Nf3 c5 2. c4 Nf6 3. Nc3 Nc6
4. g3 d5 5. d4 cxd4 6. Nxd4
 e5 7. Nxc6 bxc6 8. Bg2 Rb8 9. O-O d4 10. Ne4 
Nxe4 11. Bxe4 Qc7 12. e3
 Bc5 13.
Qf3 O-O 
14. Bxc6 Bh3 15. Re1 f5 
 16. Qd5+ Kh8 17. Qxc5 d3
 18. b4 
e4 19. Bb2 Qf7 20. Qe5 
 h6 21. b5 Kh7 22. Rad1
 Rg8 23.
Bd5 Qh5 24. Qf4 Bg4 25. Rd2
 Bf3 26.
Qh4 Qe8 
27. Qf4 Qh5 28. h4 Rge8 29. Rxd3
 Rbd8 30.
Rd2 Rd7 31. c5 Red8 32. Qe5
 Qg4 33. Kh2 g5 34. Be6 gxh4 
 35. Bxf5+ 1-0

[ePGN "0.1;DGT LiveChess/2.2.5"]

[Event "GMT Blitz"]
[Site "Biel, Switzerland"]
[Date "2022.07.17"]
[Round "7.1"]
[White "Abdusattorov, Nodirbek"]
[Black "Naiditsch, Arkadij"]
[Result "1-0"]
[TimeControl "3min + 2 s per move"]
[WhiteElo "2663"]
[BlackElo "2577"]

1. e4 e5 2. Nf3 Nc6 
 3. Bc4 Bc5 4. Nc3 Nf6
 5. d3 a6 6. a4 d6 
 7. O-O Be6 8. Nd5 Bxd5
 9. exd5 
Ne7 10. d4 exd4 11. Bg5 
 Ng6 12. Re1+ Kf8 13. Bd3
 h6 14.
Bxg6 fxg6 15. Bxf6 Qxf6 
 16. Re6 Qf4 17. g3 Qg4 
 18. h3 Qh5 19. Qd3 Qf5
 20. Re4 Qxd5 21. Nh4 Kf7
 22. Qf3+ 1-0

[Event "GMT Blitz"]
[Site "Biel, Switzerland"]
[Date "2022.07.17"]
[Round "7.2"]
[White "Esipenko, Andrey"]
[Black "Keymer, Vincent"]
[Result "1-0"]
[TimeControl "3min + 2 s per move"]
[WhiteElo "2617"]
[BlackElo "2548"]

1. e4 c6 2. d4 d5 3. e5 Bf5
 4. Nd2 e6 5. Nb3 Nd7 6.
Nf3 Qc7 7. Be2 c5 8. c3
 h6 9. O-O c4 10. Nbd2
 Ne7 11.
Ne1 b5 12. Nc2 a5 13. Ne3
 Bg6 14.
Bg4 h5 
15. Bh3 Bd3 16. Re1 a4 17. Nf3 g6 18. g3 
 b4 19. cxb4 Qb6 20. a3
 Nc6 21.
Bd2 Bh6 22. Bc3 Qc7 23. Bf1
 Bxf1 24.
Nxf1 Nb6 25. Bd2 Bg7 
 26. Bg5 Na7 27. N1d2 Nb5
 28. Nb1 
Qc6 29. Nc3 Nd7 30. Qd2 
 Nb6 31. Qf4 Nd7 32. Re3
 Nxc3 33.
bxc3 Nb6 34. Bf6 Bxf6 35. exf6
 O-O-O 
36. Ng5 Rd7 37. Rae1 Qc7 
38. Qf3 Kb8 39. Re5 Nc8 
 40. Nxf7 Rxf7 41. Rxe6 Rd8 
42. R1e5 Qd7 43. Qf4 Ka7 
 44. Qg5 Rg8 45. b5 Kb8
 46. Rc6 
Re8 47. Rxe8 Qxe8 48. Qxd5 Rb7 49. Qe5+ Qxe5
 50. dxe5 Na7 51. e6 Nxc6 
 52. bxc6 Rb1+ 53. Kg2 Kc7 54. f7 1-0

[Event "GMT Blitz"]
[Site "Biel, Switzerland"]
[Date "2022.07.17"]
[Round "7.3"]
[White "Gukesh, D"]
[Black "Salem, A.R. Saleh"]
[Result "0-1"]
[TimeControl "3min + 2 s per move"]
[WhiteElo "2598"]
[BlackElo "2679"]

1. d4 d5 2. c4 e6 3. Nf3 
 Nf6 4. Nc3 Nbd7 5. cxd5 exd5
 6. Qc2 c6 7. Bg5 h6 
 8. Bh4 Be7 9. e3 O-O
 10. Bd3 Re8 11. O-O Ne4 12.
Bxe4 Bxh4 13. Bh7+ Kh8 14. Bf5 
Bf6 15. b4 Nb6 16. b5 
 cxb5 17. Nxb5 Nc4 18. Rac1 
 a6 19. Nc3 b5 20. Bxc8 
 Rxc8 21. Qb3 Qd6 22. Rc2
 Be7 23.
Ne2 Rc6 
24. Nf4 Rec8 25. Rfc1 Kg8 
 26. h4 Qd7 27. Qd3 Ba3 
 28. Rd1 Bd6 29. Nxd5 Qe6
 30. e4 
f5 31. Nc3 Nb2 32. Rxb2 
 Rxc3 33. Qb1 fxe4 34. Nd2 
 Ba3 35. d5 Qe5 36. Nxe4
 Bxb2 37.
Nxc3 Bxc3 38. d6 Ba5 39. Qb3+
 Kh8 40. d7 Rd8 41. Qf7 
Bc7 42. g3 Qf6 43. Qe8+ 
 Qf8 44. Qe6 Qg8 45. Qxa6 
 Qc4 46. Qg6 Qe2 47. Rd5
 Rf8 48.
Rf5 Qe1+ 49. Kh2 Rd8 
 50. Rf7 Qe5 51. Kg2 Qd4
 52. Re7 
Qd5+ 53. Kh2 Rg8 54. Rf7 Qd4
 55. Qf5 
Bd8 56. Rf8 Qc4 57. Rf7 
 b4 58. Qg6 Qxa2 59. h5
 Qd5 60.
f4 b3 61. f5 b2 62. f6 
 Bxf6 63. Rxf6 Qxd7 64. Rb6 Qd4 
 65. Kh3 Qf2 66. Qb1 Qxb6
 0-1